Map: Dusk Towers

Players

SuperÇaYann - Winner!

  • Race: Protoss Protoss

Egoras

  • Race: Terran Terran
  • League: Gold

VOD

Have the link to the VOD?

Description

Time

  • Played on: June 21, 2016, 9:39 a.m.
  • Length: 6:11
Show
View Real Time Build Order
Export as new Build Order

SuperÇaYann Protoss - Winner!

Build Orders: 1 Gate Expand 

Get SALT Encoding   

  12  0:01  Probe (Chrono Boost)  
  13  0:11  Probe (Chrono Boost)  
  14  0:18  Pylon  
  14  0:22  Probe (Chrono Boost)  
  15  0:36  Gateway, Probe (Chrono Boost)  
  16  0:46  Probe (Chrono Boost)  
  16  0:49  Assimilator  
  18  0:57  Probe (Chrono Boost)  
  18  1:07  Probe (Chrono Boost)  
  19  1:21  Nexus  
  19  1:24  Probe (Chrono Boost)  
  20  1:33  Cybernetics Core  
  20  1:36  Probe (Chrono Boost)  
  21  1:44  Assimilator  
  22  1:47  Probe (Chrono Boost)  
  22  1:53  Pylon  
  22  1:57  Probe (Chrono Boost)  
  23  2:12  Mothership Core (Chrono Boost)  
  25  2:20  Adept  
  25  2:22  Pylon  
  27  2:29  Warp Gate  
  27  2:33  Probe x2 (Chrono Boost)  
  29  2:44  Probe x2 (Chrono Boost)  
  33  2:53  Robotics Facility  
  33  2:56  Probe x2 (Chrono Boost)  
  33  3:02  Twilight Council  
  33  3:06  Probe (Chrono Boost)  
  33  3:07  Probe (Chrono Boost)  
  35  3:14  Pylon  
  35  3:17  Probe x2 (Chrono Boost)  
  37  3:26  Resonating Glaives  
  37  3:27  Probe (Chrono Boost)  
  37  3:28  Probe (Chrono Boost)  
  37  3:33  Gateway  
  39  3:36  Gateway  
  39  3:40  Observer (Chrono Boost)  
  40  3:43  Probe x2  
  42  3:49  Gateway  
  42  3:55  Probe x2  
  44  4:01  Warp Prism (Chrono Boost)  
  45  4:12  Gateway  
  45  4:15  Gateway  
  45  4:18  Gateway  
  45  4:22  Gateway  
  45  4:26  Pylon  
  45  4:38  Pylon  
  45  4:40  Pylon  
  45  4:42  Adept x3  
  51  5:13  Adept x5  
  51  5:14  Adept x2  
  65  5:34  Adept x4  
  65  5:35  Adept  
  75  5:41  Adept  
  77  5:47  Pylon  
  77  5:54  Nexus  
  77  5:56  Pylon  
  75  5:58  Adept  
Show
View Real Time Build Order
Export as new Build Order

Egoras Terran 

Build Orders: Command Center First (CC) 

Get SALT Encoding   

  12  0:01  SCV  
  13  0:13  SCV  
  14  0:18  Supply Depot  
  14  0:25  SCV  
  15  0:39  SCV  
  16  0:51  SCV  
  17  1:02  Command Center  
  17  1:13  Barracks  
  17  1:17  SCV  
  18  1:27  Barracks  
  18  1:39  Barracks  
  18  1:47  SCV  
  19  2:01  Orbital Command  
  19  2:14  Orbital Command  
  19  2:17  Engineering Bay  
  19  2:22  Marine  
  20  2:27  Marine  
  20  2:28  Marine  
  22  2:36  Refinery  
  22  2:37  SCV  
  22  2:40  Refinery  
  23  2:47  Missile Turret  
  23  2:50  Marine x2  
  25  2:51  Marine  
  25  2:55  SCV  
  25  2:57  SCV  
  28  3:07  SCV  
  28  3:08  Marine x2  
  28  3:09  SCV  
  32  3:20  SCV  
  32  3:21  Supply Depot, SCV  
  32  3:26  Factory  
  34  3:30  Marine x2  
  34  3:31  Marine  
  37  3:36  SCV  
  38  3:41  Supply Depot  
  38  3:43  SCV  
  38  3:45  Missile Turret  
  39  3:58  Marine  
  39  4:01  Barracks Tech Lab  
  41  4:03  Barracks Reactor  
  41  4:05  SCV x2  
  42  4:11  Starport  
  42  4:15  Factory Reactor  
  42  4:16  Marine  
  43  4:18  SCV x2  
  43  4:21  Refinery  
  43  4:22  Refinery  
  45  4:29  Marine  
  45  4:30  SCV x2  
  48  4:34  Marine  
  49  4:46  Marine  
  49  4:52  Marine  
  49  5:01  Marine x2  
  49  5:03  Widow Mine, Starport Reactor  
  49  5:04  SCV  
  54  5:09  Command Center  
  54  5:16  Marine  
  54  5:26  Barracks  
  54  5:27  Barracks Tech Lab, SCV, Marine  
  54  5:28  Widow Mine, Barracks  
  54  5:30  Supply Depot, Engineering Bay  
  54  5:31  Supply Depot  
Tags
 
Add a new tag
Caveats
  • Supply blocks, unpowered buildings, or Contaminate may cause inaccurate times.
  • Supply counts are checked every 10 seconds.